 Dungeon Crawl Stone Soup version 0.18-b1-16-g289874d (webtiles) character file.

3159 hannobal the Tainter (level 9, 0/112 HPs)
             Began as a Naga Venom Mage on May 1, 2016.
             Was an Initiate of Pakellas.
             Slain by a rust devil (11 damage)
             ... summoned by an orc sorcerer
             ... in a bailey.
             The game lasted 01:01:52 (12039 turns).

hannobal the Tainter (Naga Venom Mage)             Turns: 12039, Time: 01:01:53

Health: 0/112      AC: -11   Str: 17      XL:     9   Next: 94%
Magic:  0/17       EV: 11    Int: 15      God:    Pakellas [......]
Gold:   541        SH:  3    Dex: 17 (18) Spells: 5 memorised, 4 levels left

rFire  . . .     SeeInvis +     K - +6 quarterstaff of Belaowid {drain, *Rage rElec Dex+4 Stlth+}
rCold  . . .     Gourm    .     y - +0 ring mail (curse)
rNeg   . . .     Faith    .     (shield currently unavailable)
rPois  +         Spirit   .     d - +0 helmet
rElec  +         Dismiss  .     f - +0 cloak
rCorr  .         Reflect  +     z - +0 pair of gloves
SustAt .         Harm     .     (no barding)
MR     +....     Rnd*Rage +     j - +3 amulet of reflection
Stlth  ..........               v - +1 ring of evasion
                                O - ring of stealth

@: berserking, corroded, quick, somewhat resistant to hostile enchantments,
extremely unstealthy
A: see invisible, deformed body, poison resistance, slowness 2, slow metabolism
1, spit poison 2, AC +3
a: Spit Poison, Renounce Religion


You were in a bailey.
You worshipped Pakellas.
Pakellas was noncommittal.
You were not hungry.

You visited 2 branches of the dungeon, and saw 11 of its levels.
You also visited: Bailey.

You collected 541 gold pieces.

Inventory:

Hand Weapons
 a - a +1 mace of protection
 b - a +1 mace of holy wrath
 k - a +0 shortbow
 t - a +0 hunting sling
 E - a +0 whip of venom
 G - a +1 war axe of chopping
 K - the +6 quarterstaff of Belaowid (weapon) {drain, *Rage rElec Dex+4 Stlth+}
   (You found it on level 6 of the Dungeon)

   A truly terrible weapon, it drains the life of those it strikes.
   It affects your dexterity (+4).
   It insulates you from electricity.
   It may make you go berserk in combat.
   It makes you more stealthy.
 M - a +0 broad axe
 P - a +2 spear of flaming
Missiles
 g - 5 javelins (quivered)
 h - 208 stones
 l - 80 sling bullets
 n - 61 arrows
 p - 43 bolts
 s - 6 tomahawks
 B - 14 poisoned needles
Armour
 d - a +0 helmet (worn)
 f - a +0 cloak (worn)
 u - the +0 robe of Mozile {rPois rF- Int+3 SInv}
   (You found it on level 8 of the Dungeon)

   It affects your intelligence (+3).
   It makes you vulnerable to fire.
   It protects you from poison.
   It lets you see invisible.
 w - a +2 robe of positive energy
 y - a cursed +0 ring mail (worn)
 z - a +0 pair of gloves (worn)
Magical Staves
 r - an uncursed staff of death
Jewellery
 j - a +3 amulet of reflection (around neck)
 q - an uncursed ring of protection from cold
 v - a +1 ring of evasion (right hand)
 F - an uncursed amulet of rage
 O - a ring of stealth (left hand)
Wands
 A - a wand of digging (15/24)
Scrolls
 e - a scroll of fear
 i - 4 scrolls of identify
 C - 2 scrolls of recharging
 I - 2 scrolls of remove curse
Potions
 m - a potion of brilliance
 D - 2 potions of might
 J - 2 potions of lignification
 L - a potion of cure mutation {!q}
Books
 H - a Young Poisoner's Handbook

   Spells                             Type                      Level
   a - Sting                          Conjuration/Poison           1
   b - Cure Poison                    Poison                       2
   c - Mephitic Cloud                 Conjuration/Poison/Air       3
   d - Olgreb's Toxic Radiance        Poison                       4
   e - Venom Bolt                     Conjuration/Poison           5
 R - a book of the Earth

   Spells                             Type                      Level
   a - Leda's Liquefaction            Hexes/Earth                  4
   b - Bolt of Magma                  Conjuration/Fire/Earth       5
   c - Statue Form                    Transmutation/Earth          6
   d - Iron Shot                      Conjuration/Earth            6
   e - Shatter                        Earth                        9
Comestibles
 c - 3 bread rations
 o - 2 meat rations


   Skills:
 - Level 3.0 Fighting
 + Level 2.7(3.0) Axes
 - Level 1.7(3.5) Maces & Flails
 - Level 3.9(4.1) Staves
 - Level 3.0 Dodging
 - Level 3.0 Stealth
 - Level 5.6 Spellcasting
 - Level 6.2 Conjurations
 - Level 3.1 Air Magic
 - Level 10.0 Poison Magic
 - Level 1.5 Evocations


You had 4 spell levels left.
You knew the following spells:

 Your Spells              Type           Power        Failure   Level  Hunger
a - Sting                 Conj/Pois      ####         1%          1    None
b - Venom Bolt            Conj/Pois      ####......   28%         5    ######.
c - Cure Poison           Pois           ####......   1%          2    #......
o - Olgreb's Toxic Radia  Pois           ####....     6%          4    ####...
p - Mephitic Cloud        Conj/Pois/Air  ###.....     10%         3    ###....


Dungeon Overview and Level Annotations

Branches:
Dungeon (10/15)            Temple (1/1) D:7            Lair (0/8) D:8
    Orc (0/2) D:10

Altars:
Ashenzari
Cheibriados
Elyvilon
Fedhas
Gozag
Kikubaaqudgha
Makhleb
Nemelex Xobeh
Pakellas
Qazlal
Ru
Sif Muna
Trog
Vehumet
Xom
Yredelemnul
Zin
The Shining One

Shops:
D:4 =

Annotations:
D:9 Grum


Innate Abilities, Weirdness & Mutations

You cannot wear boots.
Your serpentine skin is tough (AC +3).
You have supernaturally acute eyesight.
Armour fits poorly on your strangely shaped body.
Your system is resistant to poisons.
You cover ground very slowly.
You have a slow metabolism.
You can spit poison.


Message History

The rust devil hits you. The rust devil corrodes you!
The orc sorcerer barely misses you.
You barely miss the orc sorcerer.
The orc sorcerer is lightly wounded.
A goblin comes into view. It is wielding a war axe.
You barely miss the orc sorcerer.
The orc sorcerer is lightly wounded.
The rust devil hits you. The rust devil corrodes you!
The orc sorcerer misses you.
You barely miss the orc sorcerer.
The orc sorcerer is lightly wounded.
The goblin moves out of view.
The rust devil closely misses you.
The orc sorcerer hits you with a war axe.
You closely miss the orc sorcerer.
The orc sorcerer is lightly wounded.
The orc warrior hits you with a hand axe!!
* * * LOW HITPOINT WARNING * * *
The rust devil hits you!
You die...
Pakellas says: Back to the drawing board!

#≈≈≈≈≈# #≈≈≈≈≈#
#+####### #≈≈≈≈≈#
#.......# #≈≈≈≈≈#
+.8.8.8.# #≈≈≈≈≈#
#.Kgo4..######≈≈≈≈≈#
#....#@o....#.≈≈≈≈≈≈#
[#...
#......#.≈≈≈≈≈.###
.#o.
#####''#.≈≈≈≈≈....
.#K #...).#.≈≈≈≈≈....
# #....)'..........
#..⌠).'..........
#..)..'..........
#.....#.≈≈≈≈≈....
####++#.≈≈≈≈≈....


You could see a rust devil, a kobold demonologist, an orc sorcerer, an orc
warrior and a goblin.

Vanquished Creatures
  Prince Ribbit (D:5)
  The ghost of Shenda the Caller, an amateur TeSu (D:4)
  A hippogriff (D:6)
  3 orc warriors
  A sky beast (D:5)
  3 ogres
  A centaur (D:5)
  A wolf (D:9)
  4 giant frogs
  Blork the orc (D:5)
  A gnoll sergeant (D:7)
  4 killer bees (D:7)
  An electric eel (Bailey)
  5 crimson imps
  3 jellies
  A giant frog zombie (D:5)
  A centaur skeleton (D:6)
  A hound (D:8)
  4 orc priests
  Ijyb (D:2)
  4 orc wizards
  2 iguanas
  7 worker ants
  A killer bee zombie (D:7)
  2 hound skeletons
  A mummy (D:4)
  2 howler monkey zombies
  A worker ant zombie (D:9)
  3 gnolls
  13 adders
  3 shadow imps
  2 oozes
  3 adder skeletons
  4 worms
  5 dart slugs
  3 giant geckos
  29 orcs
  11 bats
  7 giant cockroaches
  8 hobgoblins
  4 jackals (D:1)
  2 quokkas
  A ball python (D:1)
  A giant gecko skeleton (D:4)
  12 giant newts
  17 goblins
  A goblin zombie (D:4)
  8 kobolds
  A kobold zombie (D:4)
  10 rats
  2 butterflies (D:3)
209 creatures vanquished.

Vanquished Creatures (others)
  A wolf (D:9)
  A kobold (D:2)
  A quokka (D:2)
3 creatures vanquished.

Grand Total: 212 creatures vanquished

Notes
Turn   | Place    | Note
--------------------------------------------------------------
     0 | D:1      | hannobal the Naga Venom Mage began the quest for the Orb.
     0 | D:1      | Reached XP level 1. HP: 15/15 MP: 3/3
    99 | D:1      | Reached skill level 1 in Conjurations
   214 | D:1      | Reached skill level 1 in Fighting
   214 | D:1      | Reached XP level 2. HP: 18/25 MP: 1/5
   640 | D:1      | Reached XP level 3. HP: 23/31 MP: 0/6
   643 | D:1      | Reached skill level 1 in Axes
  1317 | D:2      | Found a white marble altar of Elyvilon.
  1490 | D:2      | Reached skill level 1 in Maces & Flails
  1779 | D:2      | Reached XP level 4. HP: 38/38 MP: 3/7
  1837 | D:2      | Found a stormy altar of Qazlal.
  2091 | D:2      | Noticed Ijyb
  2104 | D:2      | Killed Ijyb
  2910 | D:3      | Reached XP level 5. HP: 21/44 MP: 0/8
  3104 | D:3      | Reached skill level 6 in Poison Magic
  3110 | D:3      | Learned a level 4 spell: Olgreb's Toxic Radiance
  3114 | D:3      | Learned a level 3 spell: Mephitic Cloud
  3295 | D:3      | Found a shimmering altar of Xom.
  3496 | D:3      | Reached skill level 1 in Air Magic
  3802 | D:3      | Found a shattered altar of Ashenzari.
  4241 | D:3      | Found a faded altar to an unknown god.
  4370 | D:3      | Reached skill level 7 in Poison Magic
  4655 | D:3      | Reached XP level 6. HP: 51/51 MP: 6/9
  4870 | D:4      | Found a sparkling altar of Nemelex Xobeh.
  4887 | D:4      | Found an ancient bone altar of Kikubaaqudgha.
  5303 | D:4      | Found a basalt altar of Yredelemnul.
  5563 | D:4      | Noticed Shenda's ghost (amateur TeSu)
  5590 | D:4      | Killed Shenda's ghost
  5590 | D:4      | Reached XP level 7. HP: 21/57 MP: 10/10
  5785 | D:4      | Found Yttimnig's Jewellery Emporium.
  5958 | D:4      | Found a burning altar of Makhleb.
  5961 | D:4      | Found a glowing silver altar of Zin.
  5961 | D:4      | Noticed an angel
  5962 | D:4      | Noticed a blizzard demon
  6329 | D:5      | Entered Level 5 of the Dungeon
  6336 | D:5      | Learned a level 2 spell: Cure Poison
  6359 | D:5      | Noticed Prince Ribbit
  6372 | D:5      | Killed Prince Ribbit
  6372 | D:5      | Reached XP level 8. HP: 50/64 MP: 0/12
  6535 | D:5      | Noticed Blork the orc
  7090 | D:5      | Killed Blork the orc
  7246 | D:5      | Found an opulent altar of Gozag.
  7313 | D:5      | Found a sacrificial altar of Ru.
  7472 | D:5      | Reached skill level 8 in Poison Magic
  7581 | D:5      | Found a bloodstained altar of Trog.
  7581 | D:5      | Found a radiant altar of Vehumet.
  7587 | D:5      | Found a stormy altar of Qazlal.
  8473 | D:6      | Reached skill level 5 in Conjurations
  8611 | D:6      | Got a slimy quarterstaff
  8612 | D:6      | Identified the +6 quarterstaff of Belaowid {drain, *Rage rElec Dex+4 Stlth+} (You found it on level 6 of the Dungeon)
  8624 | D:6      | Reached XP level 9. HP: 74/74 MP: 15/15
  8935 | D:6      | Learned a level 5 spell: Venom Bolt
  9086 | D:6      | Reached skill level 5 in Spellcasting
  9447 | D:6      | Found a snail-covered altar of Cheibriados.
 10651 | D:7      | Reached skill level 9 in Poison Magic
 10902 | D:7      | Found a staircase to the Ecumenical Temple.
 10917 | D:7      | Found a shattered altar of Ashenzari.
 11204 | D:8      | Got a shimmering robe
 11205 | D:8      | Identified the +0 robe of Mozile {rPois rF- Int+3 SInv} (You found it on level 8 of the Dungeon)
 11269 | D:7      | You fall through a shaft for 3 floors!
 11269 | D:10     | Entered Level 10 of the Dungeon
 11269 | D:10     | Found a radiant altar of Vehumet.
 11286 | D:9      | Found a shattered altar of Ashenzari.
 11289 | D:9      | Noticed Grum
 11512 | D:9      | Reached skill level 10 in Poison Magic
 11661 | Temple   | Entered the Ecumenical Temple
 11722 | Temple   | Became a worshipper of Pakellas the Inventive
 11772 | D:8      | Found a flagged portal.
 11791 | Bailey   | Entered a bailey
 11822 | Bailey   | Reached skill level 1 in Evocations
 12017 | Bailey   | Noticed an orc sorcerer
 12018 | Bailey   | Noticed a kobold demonologist
 12028 | Bailey   | Paralysed by an orc sorcerer for 7 turns
 12031 | Bailey   | Noticed a rust devil
 12039 | Bailey   | Slain by a rust devil

Skill      XL: |  1  2  3  4  5  6  7  8  9 |
---------------+----------------------------+-----
Conjurations   | 1 2 4 5 6 |  6.2
Fighting       | 1 2 3 |  3.0
Dodging        | 2 3 |  3.0
Axes           | 1 2 |  2.7
Maces & Flails | 1 |  1.7
Poison Magic   | 7 8 10 | 10.0
Air Magic      | 1 2 3 |  3.1
Staves         | 2 3 |  3.9
Spellcasting   | 3 4 5 |  5.6
Evocations     | 1 |  1.5
Stealth        | |  3.0

Action                   |  1- 3 |  4- 6 |  7- 9 || total
-------------------------+-------+-------+-------++-------
Melee: Club              |    10 |       |       ||    10
       Unarmed           |     1 |       |       ||     1
       Hand axe          |    10 |       |       ||    10
       Whip              |     2 |     2 |     7 ||    11
       Staff             |       |    29 |       ||    29
       Quarterstaff      |       |    20 |    59 ||    79
       Mace              |       |       |   118 ||   118
       Dagger            |       |       |     1 ||     1
Throw: Stone             |       |     8 |    20 ||    28
       Tomahawk          |       |       |    16 ||    16
       Javelin           |       |       |    14 ||    14
 Cast: Sting             |    83 |   144 |   191 ||   418
       Olgreb's Toxic Ra |       |     9 |    29 ||    38
       Mephitic Cloud    |       |       |    15 ||    15
 Abil: Spit Poison       |     2 |     3 |     5 ||    10
Evoke: Wand              |       |       |     6 ||     6
  Use: Potion            |     1 |     5 |     3 ||     9
       Scroll            |     2 |     5 |     9 ||    16
 Stab: Sleeping          |     1 |       |       ||     1
       Confused          |       |       |     2 ||     2
  Eat: Chunk             |     1 |    13 |    11 ||    25
       Royal jelly       |     1 |       |       ||     1
       Pizza             |       |     1 |     3 ||     4
       Fruit             |       |       |     2 ||     2
       Bread ration      |       |       |     2 ||     2
Armor: Robe              |    10 |    21 |    85 ||   116
       Ring mail         |       |       |     4 ||     4
Dodge: Dodged            |    31 |    44 |   125 ||   200
Block: Other             |     1 |     8 |    30 ||    39
